 Dungeon Crawl Stone Soup version 0.29-a0-330-g52719c12eb (webtiles) character file.

Game seed: 4766243930459399864

238791 Anon1729 the Alchemist (level 19, -4/250 HPs)
             Began as a Yellow Draconian Transmuter on Apr 19, 2022.
             Was the Champion of Fedhas.
             Slain by a spark wasp (15 damage)
             ... on level 2 of the Spider Nest on Apr 20, 2022.
             The game lasted 03:45:21 (58259 turns).

Anon1729 the Alchemist (DrTm)                      Turns: 58259, Time: 03:45:22

Health: -4/250     AC: 20    Str: 25    XL:     19   Next: 0%
Magic:  30/35      EV: 15    Int: 29    God:    Fedhas [******]
Gold:   1376       SH:  0    Dex: 19    Spells: 9/42 levels left

rFire   + . .      SeeInvis .     - Unarmed
rCold   + . .      Faith    +   (shield currently unavailable)
rNeg    + . .      Spirit   .   (body armour unavailable)
rPois   +          Reflect  .   (helmet currently unavailable)
rElec   .          Harm     .   (cloak currently unavailable)
rCorr   +          Rampage  .   (gloves currently unavailable)
Will    +....                   (boots currently unavailable)
Stlth   ++++......              q - amulet of Psychosis {Faith rCorr Int+7}
HPRegen 0.51/turn               k - ring "Suekeuh" {rC+ rN+ Int+3 Dex+3 Slay+3}
MPRegen 0.24/turn               S - ring of protection from fire

@: dragon-form, flying
A: dragon claw, dragon scales, flying, boosted hp, spit acid, AC +10, giant,
unfitting armour, acidic bite, (cold-blooded), acid resistance, agile 1, strong
1
}: 1/15 runes: barnacled
a: Breathe Acid, End Transformation, Renounce Religion, Wall of Briars, Grow
Ballistomycete, Overgrow, Grow Oklob


You were on level 2 of the Spider Nest.
You worshipped Fedhas.
Fedhas was exalted by your worship.
You were a fearsome golden dragon!
You visited 7 branches of the dungeon, and saw 32 of its levels.
You also visited: Bailey, Gauntlet and Ice Cave.

You collected 3499 gold pieces.
You spent 2123 gold pieces at shops.

Inventory:

Hand Weapons
 U - the +7 eveningstar "Piptett" {vorpal, rElec}
   (You found it on level 6 of the Lair of Beasts)

   It inflicts extra damage upon your enemies.
   rElec:     It insulates you from electricity.
 W - the +3 quarterstaff of Blood (melded) {venom, *Corrode Will+++ Int+9}
   (You bought it in a shop on level 1 of the Orcish Mines)

   It poisons the flesh of those it strikes.
   Int:       It affects your intelligence (+9).
   *Corrode:  It may corrode you when you take damage.
   Will:      It greatly increases your willpower.
Armour
 f - a +2 pair of boots of flying (melded)
 x - a scarf of resistance
 D - a +2 cloak (melded)
 K - the +0 pair of gloves "Inkuxeleh" (melded) {Harm *Corrode rPois Int+4}
   (You found it in a Gauntlet)

   Int:       It affects your intelligence (+4).
   rPois:     It protects you from poison.
   *Corrode:  It may corrode you when you take damage.
   Harm:      It increases damage dealt and taken.
 X - a +2 hat of intelligence (melded)
Magical Staves
 e - a staff of air
Jewellery
 k - the ring "Suekeuh" (left foreclaw) {rC+ rN+ Int+3 Dex+3 Slay+3}
   (You found it on level 6 of the Lair of Beasts)

   [ring of protection from cold]

   Int:       It affects your intelligence (+3).
   Dex:       It affects your dexterity (+3).
   Slay:      It affects your accuracy & damage with ranged weapons and melee
   (+3).
   rC:        It protects you from cold.
   rN:        It protects you from negative energy.
 q - the amulet of Psychosis (around neck) {Faith rCorr Int+7}
   (You acquired it on level 1 of the Elven Halls)

   [amulet of faith]

   It allows you to gain divine favour quickly.
   Int:       It affects your intelligence (+7).
   rCorr:     It protects you from acid and corrosion.
 w - a +4 ring of protection
 E - a ring of see invisible
 S - a ring of protection from fire (right foreclaw)
 Y - a ring of willpower
Wands
 b - a wand of digging (22)
 j - a wand of flame (38)
 u - a wand of mindburst (15)
 C - a wand of polymorph (14)
 H - a wand of paralysis (2)
 L - a wand of charming (3)
 N - a wand of iceblast (21)
 Z - a wand of acid (5)
Scrolls
 a - 7 scrolls of brand weapon
 d - 7 scrolls of teleportation
 g - 6 scrolls of enchant armour
 p - 10 scrolls of blinking
 r - 23 scrolls of identify
 s - 6 scrolls of magic mapping
 t - 5 scrolls of amnesia
 y - 10 scrolls of immolation
 A - a scroll of silence
 F - 5 scrolls of vulnerability
 J - 6 scrolls of enchant weapon
 M - 2 scrolls of fog
 Q - 3 scrolls of fear
Potions
 c - 10 potions of curing
 h - 4 potions of mutation
 i - 11 potions of might
 l - 5 potions of flight
 m - 4 potions of attraction
 n - 5 potions of haste
 o - 2 potions of ambrosia
 v - 3 potions of magic
 z - 3 potions of lignification
 B - 6 potions of heal wounds
 G - a potion of cancellation
 I - 5 potions of brilliance
 P - a potion of berserk rage
 V - 4 potions of invisibility
Miscellaneous
 O - a phial of floods
 R - a condenser vane
 T - a tin of tremorstones (2/2)


   Skills:
 + Level 14.2 Fighting
 + Level 12.2 Dodging
 + Level 8.4 Stealth
 + Level 13.2 Unarmed Combat
 + Level 12.1 Spellcasting
 + Level 15.5 Transmutations
 + Level 8.4 Air Magic
 - Level 10.0 Poison Magic
 + Level 13.7 Invocations
 - Level 4.0 Evocations


You had 9 spell levels left.
You knew the following spells:

 Your Spells              Type           Power      Damage    Failure   Level
a - Beastly Appendage     Tmut           100%       N/A       0%          1
b - Wereblood             Tmut           82%        N/A       0%          2
c - Spider Form           Tmut/Pois      75%        N/A       1%          3
d - Swiftness             Air            60%        N/A       1%          3
e - Passwall              Tmut/Erth      48%        N/A       1%          2
f - Ice Form              Ice/Tmut       58%        N/A       1%          4
g - Dragon Form           Tmut           41%        N/A       4%          7
h - Alistair's Intoxicat  Tmut/Pois      50%        N/A       1%          5
i - Eringya's Noxious Bo  Tmut/Pois      37%        N/A       2%          6

Your spell library contained the following spells:

 Spells                   Type           Power      Damage    Failure   Level
 Corpse Rot               Necr/Air       82%        N/A       1%          2
 Poisonous Vapours        Pois/Air       100%       N/A       1%          2
 Static Discharge         Conj/Air       41%        N/A       1%          2
 Slow                     Hex            68%        N/A       3%          1
 Blink                    Tloc           34%        N/A       4%          2
 Ensorcelled Hibernation  Hex/Ice        34%        N/A       4%          2
 Summon Lightning Spire   Summ/Air       41%        N/A       5%          4
 Call Canine Familiar     Summ           17%        N/A       9%          3
 Confusing Touch          Hex            17%        N/A       9%          3
 Frozen Ramparts          Ice            34%        1d5       9%          3
 Lesser Beckoning         Tloc           17%        N/A       9%          3
 Vampiric Draining        Necr           17%        2d7       9%          3
 Storm Form               Tmut/Air       36%        N/A       19%         7
 Freezing Cloud           Conj/Ice/Air   16%        6-21      26%         5
 Anguish                  Hex/Necr       8%         N/A       30%         4
 Cause Fear               Hex            8%         N/A       30%         4
 Dispel Undead            Necr           17%        3d10      30%         4
 Fulminant Prism          Conj/Hex       8%         3d7       30%         4
 Hailstorm                Conj/Ice       17%        3d6       30%         4
 Iskenderun's Mystic Bla  Conj/Tloc      17%        2d5       30%         4
 Summon Ice Beast         Ice/Summ       17%        N/A       30%         4
 Borgnjor's Vile Clutch   Necr/Erth      8%         N/A       63%         5
 Fireball                 Conj/Fire      8%         3d6       63%         5
 Lee's Rapid Deconstruct  Erth           8%         3d8*      63%         5
 Manifold Assault         Tloc           17%        N/A       63%         5
 Summon Mana Viper        Hex/Summ       17%        N/A       63%         5
 Death Channel            Necr           8%         N/A       99%         6
 Simulacrum               Ice/Necr       8%         N/A       99%         6
 Starburst                Conj/Fire      8%         6d4       99%         6
 Maxwell's Capacitive Co  Air            30%        ∞         99%         8
 Monstrous Menagerie      Summ           8%         N/A       100%        7
 Chain Lightning          Conj/Air       20%        3d27      100%        9
 Dragon's Call            Summ           8%         N/A       100%        9
 Fire Storm               Conj/Fire      8%         8d2       100%        9
 Polar Vortex             Ice            8%         N/A       100%        9
 Shatter                  Erth           8%         3d10*     100%        9


Dungeon Overview and Level Annotations

Branches:
Dungeon (15/15)            Temple (1/1) D:5            Lair (6/6) D:11
 Shoals (4/4) Lair:2       Spider (2/4) Lair:2        Slime (0/5) Lair:5
    Orc (2/2) D:11            Elf (2/3) Orc:2        Vaults (0/5) D:14
 Depths (0/4) D:15         Bailey (visited)           IceCv (visited)
Gauntlet (visited)

Altars:
Ashenzari
Cheibriados
Dithmenos
Elyvilon
Fedhas
Gozag
Hepliaklqana
Kikubaaqudgha
Makhleb
Nemelex Xobeh
Okawaru
Qazlal
Ru
Sif Muna
Trog
Uskayaw
Vehumet
Wu Jian
Xom
Yredelemnul
Zin
The Shining One
Beogh
Jiyva

Shops:
D:4 *   D:9 *   Orc:1 (   Orc:2 *[?:   Elf:1 [*[!   Elf:2 [   Shoals:1 *
Shoals:2 (   Shoals:3 *

Annotations:
D:10 exclusion: killer bee
Lair:5 1 runed translucent door
Elf:2 3 runed translucent doors, exclusion: 3 doors


Innate Abilities, Weirdness & Mutations

You are a fearsome golden dragon!
You have a powerful clawing attack.
Your giant scaled body is strong and resiliant, but less evasive.
Your breath weapon is enhanced in this form.
You are flying.
Your maximum health is greatly increased.
Your armour is entirely melded.
You are incapable of wielding weapons or throwing items.
You can spit globs of acid.
Your golden yellow scales are hard. (AC +10)
You cannot fit into any form of body armour.
You have acidic saliva.
((You are cold-blooded and may be slowed by cold attacks.))
You are resistant to acid. (rCorr)
You are agile. (Dex +2)
Your muscles are strong. (Str +2)


Message History

Fedhas appreciates your contribution to the ecosystem.
The spark wasp moves out of view.
A tarantella comes into view.
The tarantella moves out of view.
You have got your breath back.
The orb spider is struck by your briar patch's thorns.
The orb spider bites your briar patch!
The demonic crawler shrieks in warning!
The spark wasp stings your briar patch! The spark wasp shocks your briar patch!
You hear an angry hiss.
The orb spider bites your briar patch.
The spark wasp bursts into living lightning!
The living lightning hits your briar patch!
Your briar patch is destroyed!
Your briar patch disappears in a puff of smoke!
The living lightning hits your briar patch but does no damage.
The living lightning hits your orb spider!!
The living lightning hits you!
* * * LOW HITPOINT WARNING * * *
The spark wasp blinks!
Aiming: Paralyse
Press: ? - help, Shift-Dir - straight line, f - spark wasp, p - orb spider
Aim: a spark wasp (ally target, chance to affect: 41%)
Okay, then.
Okay, then.
Unknown command.
Unknown command.
Okay, then.
Unknown command.
Okay, then.
You feel much better. The spark wasp stings you!
* * * LOW HITPOINT WARNING * * *
The spark wasp shocks you!
* * * LOW HITPOINT WARNING * * *
A redback comes into view.
The spark wasp stings you!
* * * LOW HITPOINT WARNING * * *
The spark wasp shocks you!
You die...
Fedhas appreciates your contribution to the ecosystem.

###.. ...## .
..#..#########....# ..
........#^....#...##...
^.......##..^.#.......#
.......###.^.^.......#
##....^#.#.....†###..#.
#...#......#†.###......
#...<.y.......s......
#...##..D.s.ss..##...
#####...##..P^#.^##
#..?.#...Ps§..)#
############.†.#
......... ...........#
..##s..s....... #
^...°......#
.##......#...


You could see a spark wasp (ally target), a demonic crawler, an orb spider (ally
target), a tarantella, a redback and a friendly orb spider (charmed, charged).

Vanquished Creatures
  Rupert (Lair:3)
  A deep elf blademaster (Elf:2)
  2 krakens
  Gastronok (Lair:1)
  A storm dragon (D:15)
  A tengu reaver (D:15)
  Kirke (D:13)
  Ilsuiw (Shoals:3)
  2 fire giants (D:15)
  A frost giant (D:15)
  A deep elf sorcerer (Elf:1)
  An emperor scorpion (Spider:1)
  An orc warlord (Orc:1)
  2 broodmothers (Spider:1)
  A minotaur (Gauntlet)
  A deep elf annihilator (D:15)
  An entropy weaver (Spider:1)
  A crystal guardian (D:15)
  2 ettins
  7 merfolk javelineers
  2 ice dragons
  Erolcha (D:13)
  6 merfolk impalers
  13 hydras
  10 boulder beetles
  Fannar (Lair:1)
  2 catoblepae
  7 merfolk avatars
  2 ogre magi (D:15)
  A jorogumo (Spider:1)
  8 vault guards (D:14)
  5 merfolk aquamancers
  19 centaur warriors
  2 alligator snapping turtles
  4 satyrs
  20 dancing weapons (Elf:2)
  3 two-headed ogres
  2 death knights (D:15)
  The ghost of kae the Destroyer, a journeyman TeFE of Sif Muna (D:11)
  13 death yaks
  4 tengu warriors
  8 orc high priests
  12 deep elf knights
  6 skeletal warriors
  14 sea snakes
  A sun moth (Spider:1)
  A fire crab (Gauntlet)
  A steelbarb worm (Spider:1)
  4 orb spiders
  11 deep elf archers
  15 harpies
  4 orc knights
  24 deep elf pyromancers
  15 deep elf zephyrmancers
  An orc sorcerer (D:15)
  8 wolf spiders
  11 cyclopes
  22 manticores
  14 ugly things
  A moth of wrath (Spider:1)
  26 fauns
  6 elephants
  An ice statue (IceCv)
  4 water nymphs (Shoals:4)
  10 merfolk sirens
  A water nymph (shapeshifter) (D:15)
  Maurice (Orc:1)
  3 black mambas
  2 torpor snails
  A cane toad (shapeshifter) (D:15)
  12 cane toads
  2 gargoyles
  5 rime drakes
  7 demonic crawlers
  9 komodo dragons
  A kobold demonologist (D:11)
  An entropy weaver simulacrum (IceCv)
  2 freezing wraiths
  3 efreet
  An anaconda simulacrum (IceCv)
  4 trolls
  A queen bee (shapeshifter) (D:12)
  A troll (shapeshifter) (D:15)
  A polar bear (Lair:1)
  33 merfolk
  7 wind drakes
  A hornet (D:10)
  5 slime creatures
  14 tarantellas
  A raiju (shapeshifter) (D:15)
  A dream sheep (shapeshifter) (D:14)
  10 blink frogs
  10 snapping turtles
  A snapping turtle (shapeshifter) (D:14)
  7 dream sheep (Lair:5)
  A blink frog (shapeshifter) (D:15)
  4 air elementals
  7 culicivoras
  A spriggan (shapeshifter) (D:14)
  23 jumping spiders
  3 centaur simulacra
  21 yaks
  14 water elementals
  5 wraiths
  7 wyverns
  7 basilisks
  7 hogs (D:13)
  2 dire elephant simulacra (IceCv)
  A basilisk (shapeshifter) (D:15)
  5 fire bats (Gauntlet)
  A hog (shapeshifter) (D:15)
  27 redbacks
  2 death yak simulacra (IceCv)
  3 fire elementals
  4 vampire mosquitoes
  11 wargs
  3 steam dragons
  4 acid dragons
  13 water moccasins
  4 hell hounds (Gauntlet)
  22 orc warriors
  3 black bears
  A black bear (shapeshifter) (Elf:1)
  6 ogres
  17 wolves
  A phantom (D:5)
  3 boggarts (D:15)
  16 centaurs
  2 gnoll sergeants
  13 bullfrogs
  3 necrophages
  4 scorpions
  2 earth elementals
  A cane toad simulacrum (IceCv)
  2 two-headed ogre simulacra (IceCv)
  16 wights
  An elephant simulacrum (IceCv)
  8 killer bees
  5 wolf zombies (Bailey)
  9 vampire bats (Bailey)
  4 hounds
  37 orc priests
  3 gnoll shamans
  4 iguanas
  2 hell rats (D:11)
  26 orc wizards
  4 spriggan simulacra (IceCv)
  A polar bear simulacrum (IceCv)
  9 troll simulacra (IceCv)
  A wolf simulacrum (IceCv)
  The ghost of boracarina the Magician, a weakling DjCj (D:3)
  21 gnolls
  6 adders
  6 naga simulacra (IceCv)
  A river rat (D:11)
  3 white imps (IceCv)
  11 ufetubi (IceCv)
  5 worms
  3 dart slugs
  112 orcs
  4 endoplasms
  4 giant cockroaches
  5 goblins
  10 hobgoblins
  5 jackals
  13 kobolds
  4 quokkas
  9 ball pythons
  4 bats
  4 frilled lizards
  18 orc zombies (Bailey)
  9 rats
  A ballistomycete spore (Gauntlet)
  3 tentacles (Shoals:3)
1192 creatures vanquished.

Vanquished Creatures (collateral kills)
  A dancing weapon (Elf:1)
  2 fauns (Shoals:3)
  2 tarantellas (Spider:2)
  4 yaks (Lair:2)
  A jumping spider (Spider:2)
  3 wolves (Lair:2)
  32 ballistomycete spores
45 creatures vanquished.

Vanquished Creatures (others)
  2 deep elf knights (Elf:1)
  A ballistomycete spore (D:11)
  53 fungi
  282 plants
  8 tentacles
346 creatures vanquished.

Grand Total: 1583 creatures vanquished

Notes
Turn   | Place    | Note
-------+----------+-------------------------------------------
     0 | D:1      | Anon1729 the Draconian Transmuter began the quest for the
                  | Orb.
     0 | D:1      | Reached XP level 1. HP: 16/16 MP: 3/3
   185 | D:1      | Reached XP level 2. HP: 20/23 MP: 3/5
  1002 | D:1      | Reached XP level 3. HP: 25/29 MP: 3/6
  1896 | D:2      | Reached XP level 4. HP: 34/36 MP: 4/7
  2257 | D:2      | Found a faded altar of an unknown god.
  2336 | D:3      | Found an ancient bone altar of Kikubaaqudgha.
  2544 | D:3      | Learned a level 2 spell: Wereblood
  2548 | D:3      | Learned a level 3 spell: Spider Form
  2743 | D:3      | Found a runed translucent gate.
  2751 | D:3      | Noticed boracarina's ghost (weakling DjCj)
  2789 | D:3      | Found a runed translucent gate.
  2790 | D:3      | Found a runed translucent gate.
  3096 | D:4      | Found Fafouvef's Assorted Antiques.
  3105 | D:4      | Bought a scroll labelled MUM AMPYUZ for 19 gold pieces
  3105 | D:4      | Bought a scroll labelled MUM AMPYUZ for 19 gold pieces
  3105 | D:4      | Bought a scroll labelled MUM AMPYUZ for 19 gold pieces
  3105 | D:4      | Bought a scroll labelled GOPSUI SUYPOOM for 19 gold pieces
  3105 | D:4      | Bought a scroll labelled MUM AMPYUZ for 19 gold pieces
  3105 | D:4      | Bought a scroll labelled MUM AMPYUZ for 19 gold pieces
  3105 | D:4      | Bought a yellow potion for 17 gold pieces
  3169 | D:3      | Reached XP level 5. HP: 10/42 MP: 1/9
  3424 | D:4      | Reached skill level 3 in Transmutations
  3471 | D:4      | Reached XP level 6. HP: 17/51 MP: 2/10
  3734 | D:4      | Identified the +2 scale mail "Onozyisu" {rN+}
  3865 | D:4      | Learned a level 3 spell: Swiftness
  3868 | D:4      | Learned a level 2 spell: Passwall
  3881 | D:5      | Entered Level 5 of the Dungeon
  4078 | D:5      | Noticed a water moccasin
  4108 | D:5      | Killed a water moccasin
  4109 | D:5      | Your scales start taking on a golden yellow colour.
  4109 | D:5      | Reached XP level 7. HP: 48/57 MP: 7/12
  4109 | D:5      | Gained mutation: You are resistant to acid. (rCorr) [Yellow
                  | Draconian growth]
  4316 | D:5      | Found a staircase to the Ecumenical Temple.
  4354 | Temple   | Entered the Ecumenical Temple
  4505 | Temple   | Became a worshipper of Fedhas Madash
  4593 | D:5      | Reached skill level 4 in Transmutations
  4732 | D:5      | Reached skill level 1 in Poison Magic
  4732 | D:5      | Reached skill level 1 in Invocations
  5084 | D:5      | Reached skill level 5 in Unarmed Combat
  5084 | D:5      | Reached XP level 8. HP: 33/66 MP: 7/14
  5372 | D:5      | Reached * piety under Fedhas
  5654 | D:5      | Found a glowing silver altar of Zin.
  6875 | D:6      | Reached skill level 5 in Fighting
  6875 | D:6      | Reached skill level 5 in Transmutations
  6914 | D:5      | Reached XP level 9. HP: 68/74 MP: 9/16
  7453 | D:7      | Found a radiant altar of Vehumet.
  7500 | D:7      | Reached skill level 5 in Dodging
  7500 | D:7      | Reached skill level 5 in Spellcasting
  7789 | D:7      | Found a sacrificial altar of Ru.
  8043 | D:7      | Noticed a gargoyle
  8052 | D:7      | Learned a level 4 spell: Ice Form
  8067 | D:7      | Killed a gargoyle
  8139 | D:7      | Noticed a boulder beetle
  8156 | D:7      | Killed a boulder beetle
  8320 | D:7      | Reached ** piety under Fedhas
  8329 | D:7      | Reached skill level 6 in Transmutations
  9134 | D:8      | Found a flagged portal.
  9160 | D:8      | Reached XP level 10. HP: 81/82 MP: 16/18
  9434 | Bailey   | Entered a bailey
  9644 | Bailey   | Reached skill level 5 in Invocations
  9901 | Bailey   | Reached *** piety under Fedhas
 10154 | Bailey   | Noticed a gargoyle
 10162 | Bailey   | Killed a gargoyle
 10864 | Bailey   | Identified the +2 chain mail of the Skies Above {Dex+4}
 11166 | D:8      | Noticed a two-headed ogre
 11191 | D:8      | Killed a two-headed ogre
 11253 | D:8      | Reached skill level 5 in Poison Magic
 12349 | D:8      | Reached **** piety under Fedhas
 12633 | D:9      | Found Sinaareg's Neck Hole.
 12964 | D:9      | Reached XP level 11. HP: 70/81 MP: 11/20
 13440 | D:9      | Found a shimmering altar of Xom.
 13747 | D:10     | Entered Level 10 of the Dungeon
 13811 | D:10     | Reached skill level 7 in Transmutations
 14193 | D:10     | Noticed a two-headed ogre
 14348 | D:10     | Found a snail-covered altar of Cheibriados.
 14992 | D:11     | Noticed a six-headed hydra
 14992 | D:11     | Found a runed translucent gate.
 14992 | D:11     | Found a runed translucent gate.
 14992 | D:11     | Found a runed translucent gate.
 14997 | D:11     | Noticed a centaur warrior
 15004 | D:11     | Noticed a seven-headed hydra
 15005 | D:11     | Noticed kae's ghost (journeyman TeFE)
 15193 | D:11     | Identified the +8 demon blade of Righteous Fury {elec,
                  | Int+6}
 15316 | D:11     | Noticed a centaur warrior
 15334 | D:11     | Killed a centaur warrior
 15849 | D:11     | Found a staircase to the Orcish Mines.
 16057 | D:11     | Noticed a boulder beetle
 16069 | D:11     | Reached ***** piety under Fedhas
 16076 | D:11     | Killed a boulder beetle
 16348 | D:11     | Found a staircase to the Lair.
 16348 | D:11     | Noticed a death yak
 16349 | D:11     | Noticed a death yak
 16349 | D:11     | Noticed a death yak
 16575 | D:10     | Killed a two-headed ogre
 17057 | D:11     | Noticed a five-headed hydra
 17092 | D:11     | Killed a death yak
 17382 | D:11     | Killed a death yak
 17395 | D:11     | Killed a death yak
 17734 | D:11     | Noticed a brown ugly thing
 17745 | D:11     | Killed a brown ugly thing
 18126 | Lair:1   | Entered Level 1 of the Lair of Beasts
 18131 | Lair:1   | Reached skill level 8 in Transmutations
 18131 | Lair:1   | Reached XP level 12. HP: 103/103 MP: 22/22
 18684 | Lair:1   | Found a frozen archway.
 18743 | IceCv    | Entered an ice cave
 20334 | IceCv    | Noticed a reaper
 21014 | Lair:1   | Noticed Fannar
 21034 | Lair:1   | Killed Fannar
 21137 | Lair:1   | Noticed Gastronok
 21162 | Lair:1   | Killed Gastronok
 21163 | Lair:1   | Reached skill level 1 in Air Magic
 21163 | Lair:1   | Reached skill level 1 in Evocations
 21808 | Lair:2   | Found a gate leading to a gauntlet.
 21817 | Gauntlet | Entered a Gauntlet
 21817 | Gauntlet | Noticed a death scarab
 21817 | Gauntlet | Found a transporter.
 21817 | Gauntlet | Found a transporter.
 21839 | Gauntlet | Found a transporter.
 21840 | Gauntlet | Found a transporter.
 22147 | Gauntlet | Found a transporter.
 22166 | Gauntlet | Found a transporter.
 22174 | Gauntlet | Found a transporter.
 22179 | Gauntlet | Noticed a tengu warrior
 22180 | Gauntlet | Found a transporter.
 22198 | Gauntlet | Found a transporter.
 22209 | Gauntlet | Found a transporter.
 22223 | Gauntlet | Found a transporter.
 22246 | Gauntlet | Found a transporter.
 22298 | Gauntlet | Learned a level 2 spell: Ensorcelled Hibernation
 22327 | Gauntlet | Identified the +0 pair of gloves "Inkuxeleh" {Harm *Corrode
                  | rPois Int+4}
 22678 | Gauntlet | Identified the +2 cloak of the Prince of Darkness {Rampage
                  | Int-5 Dex+4 Slay+2}
 22696 | Gauntlet | Learned a level 5 spell: Alistair's Intoxication
 22896 | Gauntlet | Noticed a minotaur
 22916 | Gauntlet | Killed a minotaur
 23372 | Lair:2   | Found a hole to the Spider Nest.
 23391 | Lair:2   | Reached XP level 13. HP: 61/111 MP: 19/25
 23883 | Lair:2   | Learned a level 6 spell: Eringya's Noxious Bog
 24257 | Lair:2   | Found a staircase to the Shoals.
 24592 | Lair:3   | Reached skill level 9 in Transmutations
 25555 | Lair:3   | Noticed Rupert
 25600 | Lair:3   | Killed Rupert
 26269 | Lair:4   | Reached skill level 10 in Fighting
 26379 | Lair:4   | Found a blossoming altar of Fedhas.
 26663 | Lair:4   | Gained mutation: You are frail. (-10% HP) [mutagenic glow]
 26681 | Lair:4   | Gained mutation: You are dopey. (Int -2) [mutagenic glow]
 26884 | Lair:3   | Lost mutation: You are frail. (-10% HP) [potion of
                  | mutation]
 26884 | Lair:3   | Lost mutation: You are dopey. (Int -2) [potion of mutation]
 26884 | Lair:3   | Gained mutation: You have hidden genetic potential. [potion
                  | of mutation]
 27254 | Lair:4   | Reached ****** piety under Fedhas
 27868 | Lair:5   | Reached skill level 10 in Transmutations
 28092 | Lair:5   | Found a runed translucent door.
 28092 | Lair:5   | Found a viscous altar of Jiyva.
 28094 | Lair:5   | Found a staircase to the Slime Pits.
 28386 | Lair:5   | Gained mutation: You have acidic saliva. [Yellow Draconian
                  | growth]
 28386 | Lair:5   | Reached XP level 14. HP: 122/122 MP: 8/26
 28806 | Lair:6   | Entered Level 6 of the Lair of Beasts
 29435 | Lair:6   | Reached skill level 10 in Unarmed Combat
 30207 | Lair:6   | Identified the amulet "Quopseseg" {RegenMP Int+5}
 30210 | Lair:6   | Identified the +2 trident of Saelli {venom, rElec}
 30221 | Lair:6   | Identified the +7 eveningstar "Piptett" {vorpal, rElec}
 30222 | Lair:6   | Identified the ring "Suekeuh" {rC+ rN+ Int+3 Dex+3 Slay+3}
 30615 | Lair:6   | Found an ornate altar of the Wu Jian Council.
 30616 | Lair:6   | Found a hide-covered altar of Uskayaw.
 30978 | D:11     | Killed kae's ghost
 31163 | D:11     | Reached skill level 5 in Air Magic
 31286 | D:11     | Gained mutation: You are agile. (Dex +2) [hidden potential]
 31545 | D:12     | Reached skill level 10 in Invocations
 31876 | D:12     | Reached skill level 11 in Transmutations
 32482 | Orc:1    | Entered Level 1 of the Orcish Mines
 32654 | Orc:2    | Entered Level 2 of the Orcish Mines
 32733 | Orc:2    | Noticed an orc warlord
 32789 | Orc:1    | Killed an orc warlord
 33610 | Orc:2    | Found Zieguf's General Store.
 33610 | Orc:2    | Found Nepobaepept's Armour Shop.
 33817 | Orc:2    | Found a staircase to the Elven Halls.
 33972 | Orc:2    | Found Ilaokluwn's Magic Scroll Emporium.
 33972 | Orc:2    | Found Qeipt's Book Shop.
 34389 | Orc:1    | Found Lycsopsis's Weapon Boutique.
 34389 | Orc:1    | Noticed Maurice
 34397 | Orc:1    | Killed Maurice
 35255 | D:13     | Reached XP level 15. HP: 130/130 MP: 28/28
 35669 | D:13     | Reached skill level 1 in Stealth
 35776 | D:13     | Noticed Kirke
 35787 | D:13     | Killed Kirke
 35888 | D:13     | Noticed Erolcha
 35986 | Elf:1    | Entered Level 1 of the Elven Halls
 36027 | Elf:1    | Paralysed by an air elemental for 1 turns
 36116 | Elf:1    | Found Wistrawn's Antique Armour Shoppe.
 36215 | Elf:1    | Found Lidebyukh's Armour Shoppe.
 36216 | Elf:1    | Found Loqot's Distillery.
 36216 | Elf:1    | Found Meetyupt's Assorted Antiques.
 36228 | Elf:1    | Bought a scroll labelled BIXIXK RARHY for 23 gold pieces
 36228 | Elf:1    | Bought an embroidered scarf for 184 gold pieces
 36814 | Elf:1    | Paralysed by an air elemental for 1 turns
 36818 | Elf:1    | Paralysed by an air elemental for 1 turns
 36822 | Elf:1    | Paralysed by an air elemental for 1 turns
 37302 | Elf:1    | Gained mutation: Your muscles are strong. (Str +2) [hidden
                  | potential]
 37302 | Elf:1    | Lost mutation: You have hidden genetic potential. [hidden
                  | potential expressed]
 37571 | Elf:1    | Noticed a deep elf sorcerer
 38535 | Elf:1    | Reached skill level 12 in Transmutations
 39167 | Elf:1    | Killed a deep elf sorcerer
 39181 | Elf:1    | Got the Compendium of Supportive Attacks
 39277 | Orc:2    | Bought a book of the Dragon for 506 gold pieces
 39286 | Orc:2    | Learned a level 7 spell: Dragon Form
 39341 | Orc:1    | Bought the +3 quarterstaff of Blood {venom, *Corrode
                  | Will+++ Int+9} for 615 gold pieces
 39380 | Elf:2    | Identified the +8 ring mail of Hopscotch {+Blink}
 39603 | Elf:2    | Paralysed by an air elemental for 1 turns
 39634 | Elf:2    | Reached skill level 10 in Dodging
 40154 | Elf:2    | Found the +8 orange crystal plate armour {Archmagi, Int+3
                  | Clar}
 40189 | Elf:2    | Reached skill level 10 in Spellcasting
 40464 | Elf:2    | Found Coacoda's Antique Armour Boutique.
 40472 | Elf:2    | Bought a pair of embroidered boots for 300 gold pieces
 40644 | Elf:2    | Found a runed translucent gate.
 40644 | Elf:2    | Found a runed translucent gate.
 40644 | Elf:2    | Found a runed translucent gate.
 40670 | Elf:2    | Paralysed by an air elemental for 1 turns
 40675 | Elf:2    | Paralysed by an air elemental for 1 turns
 41202 | Elf:2    | Reached XP level 16. HP: 139/139 MP: 26/30
 41555 | Elf:2    | Reached skill level 10 in Poison Magic
 41847 | Elf:2    | Noticed a deep elf blademaster
 41860 | Elf:2    | Killed a deep elf blademaster
 42413 | D:12     | Reached skill level 13 in Transmutations
 42687 | D:13     | Killed Erolcha
 43727 | D:14     | Found a gate to the Vaults.
 43747 | D:14     | Reached skill level 5 in Stealth
 44659 | D:15     | Entered Level 15 of the Dungeon
 45049 | D:15     | Found a white marble altar of Elyvilon.
 45049 | D:15     | Found an iron altar of Okawaru.
 45053 | D:15     | Found a bloodstained altar of Trog.
 45398 | D:15     | Found a staircase to the Depths.
 45683 | D:15     | Noticed a tengu reaver
 45691 | D:15     | Killed a tengu reaver
 45698 | D:15     | Reached XP level 17. HP: 148/148 MP: 31/31
 45877 | D:15     | Reached skill level 14 in Transmutations
 47603 | D:3      | Killed boracarina's ghost
 47914 | Shoals:1 | Entered Level 1 of the Shoals
 48413 | Shoals:1 | Found Mien's General Store.
 48422 | Shoals:1 | Bought a scroll of fog for 28 gold pieces
 48422 | Shoals:1 | Bought a scroll of teleportation for 42 gold pieces
 48422 | Shoals:1 | Bought a potion of heal wounds for 70 gold pieces
 50107 | Shoals:2 | Acquired the amulet of Psychosis {Faith rCorr Int+7}
 50959 | Shoals:2 | Found Iroevan's Firing Range.
 51009 | Shoals:2 | Identified the +9 flail of Icaylez {venom, rC+ Str+3}
 51018 | Shoals:2 | Reached skill level 15 in Transmutations
 51225 | Shoals:2 | Noticed a kraken
 51238 | Shoals:2 | Killed a kraken
 51622 | Shoals:3 | Reached XP level 18. HP: 132/158 MP: 22/33
 51989 | Shoals:3 | Noticed Ilsuiw
 52013 | Shoals:3 | Killed Ilsuiw
 52690 | Shoals:3 | Found Ypramn's General Store.
 52713 | Shoals:3 | Bought a potion of might for 64 gold pieces
 52713 | Shoals:3 | Bought a potion of invisibility for 128 gold pieces
 52713 | Shoals:3 | Bought a scroll of identify for 32 gold pieces
 53842 | Shoals:4 | Entered Level 4 of the Shoals
 55984 | Shoals:4 | Got a barnacled rune of Zot
 56718 | Spider:1 | Entered Level 1 of the Spider Nest
 58249 | Spider:2 | Reached XP level 19. HP: 31/167 MP: 30/35
 58259 | Spider:2 | HP: 11/250 [spark wasp (7)]
 58259 | Spider:2 | Slain by a spark wasp

Illustrated notes

Levels and vault maps discovered:
D:1:      nagdon_arrival_double_spiral, layout_basic, minmay_tetromino_t2
D:2:      layout_loops_ring, hellmonk_ecumenical_altar_heavens_door
D:3:      layout_rooms, kiku_gazebo_pond_becter, gammafunk_ghost_split
D:4:      layout_basic, serial_shops, nicolae_shop_statue_plus,
          hangedman_decor_push, kennysheep_generic_room_12
D:5:      layout_loops_corners, lemuel_round_altar,
          minmay_temple_entry_mini_moons, minmay_diced_spiral
D:6:      layout_gridville, minmay_door_square
D:7:      layout_loops_ring, mainiacjoe_overflow_boulevard,
          mainiacjoe_overflow_small_starburst, minivault_1, minmay_small_thing
D:8:      layout_gridville, enter_bailey_8
D:9:      layout_irregular_city, xom_teletrap_fun,
          nicolae_shop_sticking_my_neck_out
D:10:     layout_roguey [special_room_bee], lemuel_crystal_altar,
          minmay_unpleasant_kobolds
D:11:     layout_stronghold, dpeg_lair_monsters, hiddenorc2_lemuel,
          gammafunk_ghost_split, kennysheep_nub
D:12:     layout_rooms
D:13:     layout_gridville, amcnicky_mini_pool_small, uniq_erolcha, uniq_kirke
D:14:     hangedman_cross_cluster, layout_grid_maze, erik_vaults_2,
          serial_glass, glass_columns_a, glass_columns_a,
          minmay_misc_feat_square
D:15:     hangedman_slaughterboxes
Temple:   eino_temple_rhombus
Lair:1:   layout_small_grid, portal_ice_cave_entry_pillars_2,
          serial_bayou_shore_a, uniq_fannar, uniq_gastronok
Lair:2:   minmay_lair_oklob_chamber, layout_long_grid,
          minmay_shoals_entry_centaurs, nicolae_spider_entry_orb_guardian,
          gauntlet_entry_generic, nicolae_volcano_entry_hallway
Lair:3:   layout_layer_cave, beast_lair_carwin_10, grunt_megastairs_5,
          uniq_rupert
Lair:4:   layout_regular_city, hangedman_tree_tricks
Lair:5:   layout_regular_city, slime_altar_2
Lair:6:   gammafunk_lair_ancient_temple, layout_small_grid,
          nzn_masters_of_martial_movement
Shoals:1: layout_shoals, serial_shops, nicolae_lakefront_shop,
          nicolae_shoals_dead_sea_scrolls
Shoals:2: layout_shoals, nicolae_shop_firing_range
Shoals:3: layout_shoals, serial_shops, shop, nicolae_shoals_elemental_ambush,
          uniq_ilsuiw
Shoals:4: shoals_end_grunt_garden, layout_shoals, shoals_ilsuiw_alternative
Spider:1: layout_spider_delve
Spider:2: layout_spider_delve
Orc:1:    layout_caves, serial_shops, shop_statue, uniq_maurice
Orc:2:    st_orc_town, layout_caves
Elf:1:    layout_geoelf_octagon, minmay_elf_sorcery, minmay_shop_grid_forest
Elf:2:    nicolae_elf_blades_splatter_lattice [nooodl_blade_entry_preview],
          layout_onion_city, serial_shops, shop

Skill      XL: |  1  2  3  4  5  6  7  8  9 10 11 12 13 14 15 16 17 18 |
---------------+-------------------------------------------------------+-----
Dodging        | 2 3 4 5 6 7 8 9 10 11 12 | 12.2
Fighting       | 2 3 4 5 6 7 8 9 10 11 12 13 14 | 14.2
Transmutations | 3 4 5 6 8 10 11 12 13 15 | 15.5
Unarmed Combat | 4 5 6 7 8 9 10 11 12 13 | 13.2
Spellcasting   | 3 4 5 6 7 8 9 10 11 12 | 12.1
Poison Magic   | 1 3 4 5 6 7 8 9 10 | 10.0
Invocations    | 2 3 4 6 7 8 9 10 11 12 13 | 13.7
Air Magic      | 2 4 5 6 7 8 |  8.4
Evocations     | 2 3 4 |  4.0
Stealth        | 3 5 7 8 |  8.4

Action                   |  1- 3 |  4- 6 |  7- 9 | 10-12 | 13-15 | 16-18 | 19-21 || total
-------------------------+-------+-------+-------+-------+-------+-------+-------++-------
Melee: Unarmed           |   141 |   144 |   297 |   819 |   641 |   836 |       ||  2878
       Headbutt          |    14 |    15 |    17 |    12 |     2 |       |       ||    60
       Kick              |    18 |    26 |    28 |    19 |     1 |       |       ||    92
       Punch             |     3 |     1 |     2 |     9 |    18 |    76 |       ||   109
       Tailslap          |    11 |     6 |    21 |    22 |    50 |   165 |       ||   275
       Bite              |       |       |       |       |    36 |   107 |       ||   143
       Demon blade       |       |       |       |       |    11 |       |       ||    11
       Quarterstaff      |       |       |       |       |       |    14 |       ||    14
Throw: Dart              |       |       |       |     1 |       |       |       ||     1
 Cast: Beastly Appendage |    30 |    22 |    17 |     6 |     3 |       |       ||    78
       Spider Form       |       |     5 |    14 |     5 |     1 |       |       ||    25
       Wereblood         |       |       |     2 |     1 |       |     1 |       ||     4
       Ice Form          |       |       |     1 |    70 |    45 |     2 |       ||   118
       Passwall          |       |       |     1 |     2 |     3 |       |       ||     6
       Alistair's Intoxi |       |       |       |     2 |     9 |     6 |       ||    17
       Ensorcelled Hiber |       |       |       |     2 |     4 |       |       ||     6
       Eringya's Noxious |       |       |       |       |    69 |     4 |       ||    73
       Dragon Form       |       |       |       |       |    13 |    96 |       ||   109
Invok: Grow Ballistomyce |       |       |       |     3 |     3 |     2 |       ||     8
       Wall of Briars    |       |       |       |     2 |     4 |     2 |     1 ||     9
       Grow Oklob        |       |       |       |     1 |       |     1 |       ||     2
 Abil: Breathe Acid      |       |       |    11 |    11 |     6 |    20 |       ||    48
       End Transformatio |       |       |     1 |     2 |     3 |     8 |       ||    14
Evoke: Wand              |       |       |     9 |    11 |     4 |     7 |     4 ||    35
       Condenser vane    |       |       |       |     1 |       |       |       ||     1
       Phial of floods   |       |       |       |       |       |     1 |       ||     1
  Use: Scroll            |       |    11 |     3 |    13 |     9 |     3 |       ||    39
       Potion            |       |     1 |     2 |     6 |     5 |     6 |     1 ||    21
 Stab: Sleeping          |     1 |     1 |       |       |     1 |     8 |       ||    11
       Confused          |       |       |       |     3 |     2 |     2 |       ||     7
       Distracted        |       |       |       |       |     1 |     8 |       ||     9
       Petrified         |       |       |       |       |       |     1 |       ||     1
       Paralysed         |       |       |       |       |       |     1 |       ||     1
Armor: Skin              |    53 |    42 |    56 |   236 |   280 |   460 |       ||  1127
Dodge: Dodged            |    81 |    82 |   197 |   565 |   470 |   597 |       ||  1992

Table legend: (Time is in decaauts)
 A = Elapsed time spent in this place.
 B = Non-inter-level travel time spent in this place.
 C = Inter-level travel time spent in this place.
 D = Time resting spent in this place.
 E = Time spent auto-exploring this place.
 F = Levels seen in this place.
 G = Mean time per level.
                   A        B        C        D        E       F      G
               +--------+--------+--------+--------+--------+-----+--------+
         Total |  58063 |  55744 |   2319 |  12883 |  32980 |  35 | 1658.9 |
       Dungeon |  24650 |  23274 |   1376 |   3893 |  15201 |  15 | 1643.3 |
        Temple |    157 |    138 |     19 |      0 |    125 |   1 |  157.0 |
          Lair |   9263 |   8961 |    302 |   1798 |   5710 |   6 | 1543.8 |
        Shoals |   8689 |   8536 |    153 |   2513 |   4735 |   4 | 2172.2 |
   Spider Nest |   1508 |   1465 |     43 |     78 |   1090 |   2 |  754.0 |
  Orcish Mines |   2475 |   2243 |    232 |    489 |   1241 |   2 | 1237.5 |
   Elven Halls |   6197 |   6006 |    191 |   2502 |   2528 |   2 | 3098.5 |
        Bailey |   1463 |   1463 |      0 |    513 |    488 |   1 | 1463.0 |
      Ice Cave |   2233 |   2233 |      0 |    622 |   1151 |   1 | 2233.0 |
      Gauntlet |   1423 |   1423 |      0 |    473 |    709 |   1 | 1423.0 |
               +--------+--------+--------+--------+--------+-----+--------+

Top non-repeatable levels by time:
    D:11: 3939 daAuts
   Elf:1: 3314 daAuts
Shoals:3: 3133 daAuts
   Elf:2: 2883 daAuts
    D:15: 2643 daAuts
   IceCv: 2233 daAuts
     D:5: 2208 daAuts
Shoals:1: 2019 daAuts
  Lair:3: 1968 daAuts
Shoals:4: 1864 daAuts
     D:8: 1830 daAuts
    D:14: 1775 daAuts
     D:7: 1705 daAuts
Shoals:2: 1671 daAuts
     D:9: 1605 daAuts
